 Dungeon Crawl Stone Soup version 0.30-a0-591-g3c58d2bc28 (webtiles) character file.

Game seed: 18220937567617972479

816 funkygono the Firebug (level 7, 0/46 HPs)
             Began as a Demonspawn Fire Elementalist on Jan 5, 2023.
             Slain by an orc warrior
             ... wielding a +0 glaive
              (15 damage)
             ... on level 5 of the Dungeon.
             The game lasted 00:05:47 (3631 turns).

funkygono the Firebug (DsFE)                        Turns: 3631, Time: 00:05:48

Health: 0/46       AC:  7    Str:  8    XL:     7   Next: 62%
Magic:  5/14       EV: 15    Int: 19    God:
Gold:   208        SH:  0    Dex: 13    Spells: 6/16 levels left

rFire   . . .      SeeInvis +    m - +3 whip (elec)
rCold   . . .      Faith    .    (no shield)
rNeg    . . .      Spirit   .    s - +3 leather armour
rPois   .          Reflect  .    (no helmet)
rElec   .          Harm     .    (no cloak)
rCorr   .          Rampage  .    r - +0 pair of gloves
Will    .....                    (no boots)
Stlth   ++                       e - amulet of magic regeneration
HPRegen 0.27/turn                n - ring of see invisible
MPRegen 0.54/turn                (no ring)

@: repel missiles
A: repulsion field 3, demonic magic 1
a: no special abilities


You were on level 5 of the Dungeon.
You visited 1 branch of the dungeon, and saw 6 of its levels.

You collected 208 gold pieces.

Inventory:

Hand Weapons
 g - a +0 whip
 m - a +3 whip of electrocution (weapon)
 u - a +1 dire flail of protection
Armour
 a - a +0 robe
 c - the +0 chain mail of Good Intentions {Str+3}
   (You found it on level 2 of the Dungeon)

   Str:       It affects your strength (+3).
 p - the +1 scale mail of the Robin {*Slow rPois Dex+3}
   (You found it on level 3 of the Dungeon)

   Dex:       It affects your dexterity (+3).
   rPois:     It protects you from poison.
   *Slow:     It may slow you when you take damage.
 r - a +0 pair of gloves (worn)
 s - a +3 leather armour (worn)
Magical Staves
 l - a staff of conjuration
Jewellery
 e - an amulet of magic regeneration (around neck)
 n - a ring of see invisible (left hand)
Wands
 t - a wand of digging (5)
 v - a wand of polymorph (6)
Scrolls
 d - 4 scrolls of identify {unknown}
 o - a scroll of enchant weapon {unknown}
 q - a scroll of enchant armour {unknown}
 w - a scroll of immolation {unknown}
Potions
 b - a potion of magic
 f - a potion of invisibility
 h - a potion of ambrosia {unknown}
 i - a potion of attraction {unknown}
 j - a potion of might {unknown}
 k - a potion of curing


   Skills:
 + Level 0.1 Armour
 + Level 2.1 Dodging
 - Level 1.7 Stealth
 + Level 5.1 Spellcasting
 + Level 3.7 Conjurations
 + Level 5.6 Fire Magic


You had 6 spell levels left.
You knew the following spells:

 Your Spells              Type           Power      Damage    Failure   Level
a - Foxfire               Conj/Fire      88%        2x1d8     2%          1
b - Scorch                Fire           52%        2d7       2%          2
c - Kindle Blastsparks    Fire/Tloc/Air  24%        2d12      24%         3
d - Flame Wave            Conj/Fire      22%        2d8       26%         4

Your spell library contained the following spells:

 Spells                   Type           Power      Damage    Failure   Level
 Momentum Strike          Conj/Tloc      24%        3d8       13%         2
 Inner Flame              Hex/Fire       15%        N/A       17%         3
 Slow                     Hex            16%        N/A       19%         1
 Blink                    Tloc           8%         N/A       26%         2
 Confusing Touch          Hex            4%         N/A       47%         3
 Lesser Beckoning         Tloc           8%         N/A       47%         3
 Vampiric Draining        Necr           4%         2d6       47%         3


Dungeon Overview and Level Annotations

Branches:
Dungeon (6/15)
 Temple: D:4-7

Altars:

Annotations:
D:1 2 transporters


Innate Abilities, Weirdness & Mutations

You are surrounded by a strong repulsion field. (EV +4, RMsl)
Spells you cast may paralyse adjacent enemies.


Message History

Unknown command.
Casting: Scorch (safe; 2% risk of failure)
Confirm with . or Enter, or press ? or * to list all spells.
You conjure some foxfire!
Malevolent energies surge around you.
Casting: Foxfire (safe; 2% risk of failure)
Confirm with . or Enter, or press ? or * to list all spells.
Flames lash the orc warrior.
The orc warrior is burned terribly!
The orc warrior is moderately wounded.
Malevolent energies surge around you.
You hear a shout!
The foxfire hits the orc warrior.
The orc warrior is burned terribly!
The orc warrior is heavily wounded.
A centaur comes into view.
The foxfire hits the orc.
The orc is severely wounded.
The orc warrior hits you from afar with a +0 glaive!
The orc closely misses you.
Unknown command.
Casting: Scorch (safe; 2% risk of failure)
Confirm with . or Enter, or press ? or * to list all spells.
You conjure some foxfire!
Malevolent energies surge around you. The orc misses you.
The orc warrior hits you from afar with a +0 glaive!
Casting: Foxfire (safe; 2% risk of failure)
Confirm with . or Enter, or press ? or * to list all spells.
Flames lash the orc warrior.
The orc warrior is burned terribly!
The orc warrior is heavily wounded.
Malevolent energies surge around you.
The foxfire hits the orc warrior.
The orc warrior is burned terribly!
The orc warrior is severely wounded.
The foxfire hits the orc!
You kill the orc!
The orc warrior hits you from afar with a +0 glaive!
* * * LOW HITPOINT WARNING * * *
Unknown command.
Okay, then.
It was a potion of curing.
You feel better.
The centaur wields a +0 shortbow.
The centaur shoots an arrow.
The arrow completely misses you.
The orc warrior hits you from afar with a +0 glaive!
You die...

...################
#....†>...........
##########.#######
#.## #..# ##
#######.#####..#
..........§@...#
.##########o#).#
o)# ..# ).## c# ..#
.. ..# .# #8( . ..


You could see an orc warrior (combustible), a centaur and an orc.

Vanquished Creatures
  Grinder (D:3)
  Edmund (D:4)
  A black bear (D:5)
  2 phantoms
  An orc priest (D:5)
  An iguana (D:4)
  2 orc wizards
  4 gnolls (D:3)
  4 adders
  3 dart slugs
  10 orcs
  5 bats
  16 endoplasms
  5 giant cockroaches
  7 goblins
  9 hobgoblins
  4 jackals (D:1)
  8 kobolds
  6 ball pythons
  3 frilled lizards
  4 rats
97 creatures vanquished.

Vanquished Creatures (others)
  308 foxfires
308 creatures vanquished.

Grand Total: 405 creatures vanquished

Notes
Turn   | Place    | Note
-------+----------+-------------------------------------------
     0 | D:1      | funkygono the Demonspawn Fire Elementalist began the quest
                  | for the Orb.
     0 | D:1      | Reached XP level 1. HP: 13/13 MP: 3/3
    77 | D:1      | Found a faded altar of an unknown god.
   283 | D:1      | Gained mutation: You are surrounded by a mild repulsion
                  | field. (EV +2) [demonic ancestry]
   283 | D:1      | Reached XP level 2. HP: 19/19 MP: 1/5
   286 | D:1      | Learned a level 2 spell: Scorch
   769 | D:1      | Reached XP level 3. HP: 24/24 MP: 3/6
   773 | D:1      | Learned a level 3 spell: Kindle Blastsparks
  1403 | D:2      | Noticed a phantom
  1410 | D:2      | Killed a phantom
  1411 | D:2      | Reached XP level 4. HP: 30/30 MP: 0/8
  1579 | D:2      | Identified the +0 chain mail of Good Intentions {Str+3}
  2150 | D:3      | Gained mutation: You are surrounded by a moderate repulsion
                  | field. (EV +3) [demonic ancestry]
  2150 | D:3      | Reached XP level 5. HP: 35/35 MP: 6/9
  2415 | D:3      | Noticed a phantom
  2426 | D:3      | Killed a phantom
  2490 | D:3      | Gained mutation: Spells you cast may paralyse adjacent
                  | enemies. [demonic ancestry]
  2490 | D:3      | Reached XP level 6. HP: 41/41 MP: 8/11
  2548 | D:3      | Identified the +1 scale mail of the Robin {*Slow rPois
                  | Dex+3}
  2768 | D:3      | Noticed Grinder
  2779 | D:3      | Killed Grinder
  3224 | D:4      | Reached skill level 5 in Fire Magic
  3270 | D:4      | Gained mutation: You are surrounded by a strong repulsion
                  | field. (EV +4, RMsl) [demonic ancestry]
  3270 | D:4      | Reached XP level 7. HP: 41/46 MP: 10/13
  3334 | D:4      | Learned a level 4 spell: Flame Wave
  3387 | D:4      | Noticed Edmund
  3399 | D:4      | Killed Edmund
  3537 | D:4      | You fall into a shaft and drop 2 floors!
  3588 | D:5      | Entered Level 5 of the Dungeon
  3595 | D:5      | Reached skill level 5 in Spellcasting
  3631 | D:5      | Slain by an orc warrior

Illustrated notes

Levels and vault maps discovered:
D:1:      spicycebolla_arrival_transporter_tutorial, layout_basic,
          ebering_ecumenical_altar_webs
D:2:      layout_basic, minmay_crystal_water
D:3:      layout_basic, uniq_grinder
D:4:      layout_cave_pools, corexii_leaking_fountain, uniq_edmund
D:5:      layout_rooms, kennysheep_mini, minmay_temple_entry_statues,
          fountainhead, minmay_misc_feat_secret_circle,
          kb_lookout_dungeons_type, guppyfry_early_orc_mine
D:6:      layout_rooms

Skill      XL: |  1  2  3  4  5  6  7 |
---------------+----------------------+-----
Fire Magic     | 3 4 5 |  5.6
Dodging        | 2 |  2.1
Spellcasting   | 3 4 5 |  5.1
Conjurations   | 2 3 |  3.7
Armour         | |  0.1
Stealth        | |  1.7

Action                   |  1- 3 |  4- 6 |  7- 9 || total
-------------------------+-------+-------+-------++-------
Melee: Club              |     2 |       |       ||     2
       Whip              |       |       |     2 ||     2
 Cast: Foxfire           |    63 |    87 |    32 ||   182
       Scorch            |     4 |    17 |    11 ||    32
  Use: Potion            |       |       |     1 ||     1
 Stab: Paralysed         |       |       |     1 ||     1
Armor: Robe              |     5 |       |       ||     5
       Leather armour    |       |       |     3 ||     3
Dodge: Dodged            |     9 |     6 |    14 ||    29
       Repelled          |       |       |     1 ||     1

Table legend: (Time is in decaauts)
 A = Elapsed time spent in this place.
 B = Non-inter-level travel time spent in this place.
 C = Inter-level travel time spent in this place.
 D = Time resting spent in this place.
 E = Time spent auto-exploring this place.
 F = Levels seen in this place.
 G = Mean time per level.
                   A        B        C        D        E       F      G
               +--------+--------+--------+--------+--------+-----+--------+
         Total |   3630 |   3526 |    104 |     27 |   2893 |   6 |  605.0 |
       Dungeon |   3630 |   3526 |    104 |     27 |   2893 |   6 |  605.0 |
               +--------+--------+--------+--------+--------+-----+--------+

Top non-repeatable levels by time:
     D:1: 1195 daAuts
     D:3: 969 daAuts
     D:2: 941 daAuts
     D:4: 430 daAuts
     D:6: 50 daAuts
     D:5: 43 daAuts
